TOP OF THE 1ST |
Sarasota Eagles batting - Pitching for Fort Myers Miracles : RHP Guillermo Luna
|
Pitching: RHP Guillermo Luna
|
|
Batting: SHB Todd Mabe
|
0-0: Called Strike 0-1: Ball 1-1: Ball 2-1: Foul Ball, location: 2F 2-2: Strikes out swinging
|
Batting: RHB Darrin Jackson
|
0-0: Called Strike 0-1: Swinging Strike 0-2: Ball 1-2: Ball 2-2: Ball 3-2: Strikes out swinging
|
Batting: RHB Thomas Brassil
|
0-0: Ball 1-0: Called Strike 1-1: Foul Ball, location: 2F 1-2: SINGLE (Flyball, 3D, EV 94.4 MPH)
|
Batting: SHB Ramon Sambo
|
0-0: Ball 1-0: Called Strike 1-1: Ball 2-1: Ball 3-1: Base on Balls Thomas Brassil to second
|
Batting: LHB Dave Martinez
|
0-0: Ball 1-0: Foul Ball, location: 2F 1-1: Ground out U3 (Groundball, 3, EV 86.3 MPH)
|
Top of the 1st over - 0 runs, 1 hit, 0 errors, 2 left on base; Sarasota 0 - Fort Myers 0 |
BOTTOM OF THE 1ST |
Fort Myers Miracles batting - Pitching for Sarasota Eagles : RHP Mark Bauer
|
Pitching: RHP Mark Bauer
|
|
Batting: SHB Ronnie Chapman
|
0-0: Called Strike 0-1: Ball 1-1: Called Strike 1-2: Ball 2-2: Ball 3-2: Foul Ball, location: 2F 3-2: SINGLE (Flyball, 4D, EV 88.8 MPH)
|
Batting: RHB T.J. Stout
|
0-0: Ball 1-0: Called Strike 1-1: Fly out, F9 (Flyball, 9D, EV 95.0 MPH)
|
Batting: RHB Bobby Hinson
|
0-0: Ball Ronnie Chapman is caught stealing 2nd base 2-4 1-0: Swinging Strike 1-1: Ground out 5-3 (Groundball, 56, EV 101.3 MPH)
|
Bottom of the 1st over - 0 runs, 1 hit, 0 errors, 0 left on base; Sarasota 0 - Fort Myers 0 |
TOP OF THE 2ND |
Sarasota Eagles batting - Pitching for Fort Myers Miracles : RHP Guillermo Luna
|
Batting: LHB Ricky Lemon
|
0-0: Ball 1-0: Ball 2-0: Fly out, F9 (Flyball, 89M, EV 92.5 MPH)
|
Batting: RHB Matt Stark
|
0-0: Called Strike 0-1: Foul Ball, location: 2F 0-2: Ball 1-2: Ball 2-2: Fly out, F9 (Line Drive, 9, EV 85.6 MPH)
|
Batting: RHB Jose Estrada
|
0-0: Called Strike 0-1: Called Strike 0-2: Strikes out swinging
|
Top of the 2nd over - 0 runs, 0 hits, 0 errors, 0 left on base; Sarasota 0 - Fort Myers 0 |
BOTTOM OF THE 2ND |
Fort Myers Miracles batting - Pitching for Sarasota Eagles : RHP Mark Bauer
|
Batting: LHB Abraham Becerra
|
0-0: Foul Ball, location: 2F 0-1: Ground out 6-3 (Groundball, 6, EV 107.5 MPH)
|
Batting: RHB Galtero Gioacchini
|
0-0: Called Strike 0-1: DOUBLE (Flyball, 8RD, EV 106.3 MPH)
|
Batting: RHB Michael Saccocio
|
0-0: Foul Ball, location: 2F 0-1: Ball Wild Pitch! Galtero Gioacchini to third 1-1: Fly out, F9 (Flyball, 9S, EV 93.8 MPH)
|
Batting: LHB Rodney Hodde
|
0-0: Ball 1-0: Ball 2-0: Ball 3-0: Called Strike 3-1: Fly out, F2 (Popup, 23F, EV 84.4 MPH)
|
Bottom of the 2nd over - 0 runs, 1 hit, 0 errors, 1 left on base; Sarasota 0 - Fort Myers 0 |
TOP OF THE 3RD |
Sarasota Eagles batting - Pitching for Fort Myers Miracles : RHP Guillermo Luna
|
Batting: LHB Kevin Johnston
|
0-0: Called Strike 0-1: Ball 1-1: Swinging Strike 1-2: Ball 2-2: Foul Ball, location: 2F 2-2: Ball 3-2: Foul Ball, location: 2F 3-2: Foul Ball, location: 2F 3-2: Base on Balls
|
Batting: SHB Todd Mabe
|
0-0: Swinging Strike 0-1: Ball 1-1: Ball 2-1: Foul Ball, location: 2F 2-2: Foul Ball, location: 2F 2-2: Ball 3-2: Foul Ball, location: 2F 3-2: Fly out, F8 (Flyball, 8LD, EV 95.6 MPH)
|
Batting: RHB Darrin Jackson
|
0-0: Called Strike 0-1: Ball 1-1: Swinging Strike 1-2: Strikes out swinging
|
Batting: RHB Thomas Brassil
|
0-0: Ball 1-0: Called Strike 1-1: Swinging Strike 1-2: Strikes out swinging
|
Top of the 3rd over - 0 runs, 0 hits, 0 errors, 1 left on base; Sarasota 0 - Fort Myers 0 |
BOTTOM OF THE 3RD |
Fort Myers Miracles batting - Pitching for Sarasota Eagles : RHP Mark Bauer
|
Batting: LHB Stacey Pettis
|
0-0: Ball 1-0: Ball 2-0: Foul Ball, location: 2F 2-1: Ball 3-1: Foul Ball, location: 2F 3-2: Strikes out swinging
|
Batting: RHB Rico Escobar
|
0-0: Called Strike 0-1: Ball 1-1: Swinging Strike 1-2: Ball 2-2: Ball 3-2: Foul Ball, location: 2F 3-2: Ground out 5-3 (Groundball, 56, EV 110.6 MPH)
|
Batting: SHB Ronnie Chapman
|
0-0: Called Strike 0-1: Foul Ball, location: 2F 0-2: Ball 1-2: Foul Ball, location: 2F 1-2: Strikes out swinging
|
Bottom of the 3rd over - 0 runs, 0 hits, 0 errors, 0 left on base; Sarasota 0 - Fort Myers 0 |
TOP OF THE 4TH |
Sarasota Eagles batting - Pitching for Fort Myers Miracles : RHP Guillermo Luna
|
Batting: SHB Ramon Sambo
|
0-0: Foul Ball, location: 2F 0-1: Ball 1-1: Ground out 1-3 (Groundball, P, EV 70.6 MPH)
|
Batting: LHB Dave Martinez
|
0-0: Ball 1-0: Ball 2-0: Called Strike 2-1: Foul Ball, location: 2F 2-2: Foul Ball, location: 2F 2-2: Ball 3-2: Ground out 4-3 (Groundball, 4, EV 104.4 MPH)
|
Batting: LHB Ricky Lemon
|
0-0: Called Strike 0-1: Swinging Strike 0-2: Ball 1-2: Fly out, F9 (Line Drive, 9, EV 84.4 MPH)
|
Top of the 4th over - 0 runs, 0 hits, 0 errors, 0 left on base; Sarasota 0 - Fort Myers 0 |
BOTTOM OF THE 4TH |
Fort Myers Miracles batting - Pitching for Sarasota Eagles : RHP Mark Bauer
|
Batting: RHB T.J. Stout
|
0-0: Foul Ball, location: 2F 0-1: Called Strike 0-2: Ball 1-2: Foul Ball, location: 2F 1-2: Ball 2-2: SINGLE (Groundball, 25, EV 61.9 MPH) (infield hit)
|
Batting: RHB Bobby Hinson
|
0-0: Called Strike 0-1: Foul Ball, location: 2F 0-2: Foul Ball, location: 2F 0-2: Ball 1-2: Ball 2-2: Grounds into double play, 1-4-3 (Groundball, P, EV 70.6 MPH)
|
Batting: LHB Abraham Becerra
|
0-0: Called Strike 0-1: Ball 1-1: Called Strike 1-2: Strikes out swinging
|
Bottom of the 4th over - 0 runs, 1 hit, 0 errors, 0 left on base; Sarasota 0 - Fort Myers 0 |
TOP OF THE 5TH |
Sarasota Eagles batting - Pitching for Fort Myers Miracles : RHP Guillermo Luna
|
Batting: RHB Matt Stark
|
0-0: Ball 1-0: Swinging Strike 1-1: Foul Ball, location: 2F 1-2: Fly out, F8 (Flyball, 8LM, EV 76.9 MPH)
|
Batting: RHB Jose Estrada
|
0-0: Called Strike 0-1: SOLO HOME RUN (Flyball, 7D, EV 111.3 MPH), Distance : 383 ft
|
Batting: LHB Kevin Johnston
|
0-0: Swinging Strike 0-1: Foul Ball, location: 2F 0-2: Ball 1-2: Fly out, F6 (Line Drive, 6, EV 73.8 MPH)
|
Batting: SHB Todd Mabe
|
0-0: Called Strike 0-1: Foul Ball, location: 2F 0-2: Foul Ball, location: 2F 0-2: Ball 1-2: Strikes out swinging
|
Top of the 5th over - 1 run, 1 hit, 0 errors, 0 left on base; Sarasota 1 - Fort Myers 0 |
BOTTOM OF THE 5TH |
Fort Myers Miracles batting - Pitching for Sarasota Eagles : RHP Mark Bauer
|
Batting: RHB Galtero Gioacchini
|
0-0: Ball 1-0: Ball 2-0: Called Strike 2-1: Ground out 4-3 (Groundball, 4, EV 94.4 MPH)
|
Batting: RHB Michael Saccocio
|
0-0: Called Strike 0-1: Ball 1-1: Ground out 5-3 (Groundball, 56, EV 79.4 MPH)
|
Batting: LHB Rodney Hodde
|
0-0: Swinging Strike 0-1: Ball 1-1: Bunt missed! 1-2: Foul Ball, location: 2F 1-2: Ground out 2-3 (Groundball, 15S, EV 66.3 MPH)
|
Bottom of the 5th over - 0 runs, 0 hits, 0 errors, 0 left on base; Sarasota 1 - Fort Myers 0 |
TOP OF THE 6TH |
Sarasota Eagles batting - Pitching for Fort Myers Miracles : RHP Guillermo Luna
|
Batting: RHB Darrin Jackson
|
0-0: Ball 1-0: Fly out, F9 (Flyball, 89XD, EV 95.6 MPH)
|
Batting: RHB Thomas Brassil
|
0-0: Swinging Strike 0-1: SINGLE (Groundball, 6S, EV 70.0 MPH) (infield hit)
|
Batting: SHB Ramon Sambo
|
0-0: Swinging Strike 0-1: Ball 1-1: SINGLE (Groundball, 4M, EV 108.1 MPH) (infield hit) Thomas Brassil to second
|
Batting: LHB Dave Martinez
|
0-0: Foul Ball, location: 2F 0-1: Foul Ball, location: 2F 0-2: Ball 1-2: Ball 2-2: Foul Ball, location: 2F 2-2: Foul Ball, location: 2F 2-2: Foul Ball, location: 2F 2-2: Strikes out swinging
|
Pitching: RHP Roberto Galvez
|
|
Batting: LHB Ricky Lemon
|
0-0: Ball 1-0: Ball 2-0: Ball 3-0: Called Strike 3-1: Base on Balls Thomas Brassil to third Ramon Sambo to second
|
Batting: RHB Matt Stark
|
0-0: Called Strike 0-1: Foul Ball, location: 2F 0-2: Ball 1-2: Strikes out swinging
|
Top of the 6th over - 0 runs, 2 hits, 0 errors, 3 left on base; Sarasota 1 - Fort Myers 0 |
BOTTOM OF THE 6TH |
Fort Myers Miracles batting - Pitching for Sarasota Eagles : RHP Mark Bauer
|
Batting: LHB Stacey Pettis
|
0-0: Foul Ball, location: 2F 0-1: Ball 1-1: Ground out 4-3 (Groundball, 4, EV 106.3 MPH)
|
Batting: RHB Rico Escobar
|
0-0: Fly out, F7 (Line Drive, 7, EV 100.0 MPH)
|
Batting: SHB Ronnie Chapman
|
0-0: Ball 1-0: Ball 2-0: Foul Ball, location: 2F 2-1: Called Strike 2-2: Strikes out swinging
|
Bottom of the 6th over - 0 runs, 0 hits, 0 errors, 0 left on base; Sarasota 1 - Fort Myers 0 |
TOP OF THE 7TH |
Sarasota Eagles batting - Pitching for Fort Myers Miracles : RHP Roberto Galvez
|
Batting: RHB Jose Estrada
|
0-0: Ball 1-0: Fly out, F8 (Flyball, 8RD, EV 104.4 MPH)
|
Batting: LHB Kevin Johnston
|
0-0: Ball 1-0: Foul Ball, location: 2F 1-1: SOLO HOME RUN (Flyball, 89XD, EV 100.6 MPH), Distance : 422 ft
|
Batting: SHB Todd Mabe
|
0-0: Ball 1-0: Foul Ball, location: 2F 1-1: Ball 2-1: Ball 3-1: Foul Ball, location: 2F 3-2: Foul Ball, location: 2F 3-2: Base on Balls
|
Batting: RHB Darrin Jackson
|
0-0: Ball 1-0: Swinging Strike 1-1: Foul Ball, location: 2F 1-2: Strikes out swinging
|
Batting: RHB Thomas Brassil
|
0-0: Called Strike 0-1: Foul Ball, location: 2F 0-2: Ball 1-2: Strikes out swinging
|
Top of the 7th over - 1 run, 1 hit, 0 errors, 1 left on base; Sarasota 2 - Fort Myers 0 |
BOTTOM OF THE 7TH |
Fort Myers Miracles batting - Pitching for Sarasota Eagles : RHP Mark Bauer
|
Batting: RHB T.J. Stout
|
0-0: Called Strike 0-1: Ball 1-1: Ball 2-1: Ball 3-1: Foul Ball, location: 2F 3-2: Base on Balls
|
Batting: RHB Bobby Hinson
|
0-0: Grounds into double play, 4-6-3 (Groundball, 4, EV 90.0 MPH)
|
Batting: LHB Abraham Becerra
|
0-0: Swinging Strike 0-1: Called Strike 0-2: Foul Ball, location: 2F 0-2: Ball 1-2: Foul Ball, location: 2F 1-2: Ball 2-2: Foul Ball, location: 2F 2-2: Strikes out swinging
|
Bottom of the 7th over - 0 runs, 0 hits, 0 errors, 0 left on base; Sarasota 2 - Fort Myers 0 |
TOP OF THE 8TH |
Sarasota Eagles batting - Pitching for Fort Myers Miracles : RHP Roberto Galvez
|
Batting: SHB Ramon Sambo
|
0-0: Ball 1-0: Ball 2-0: Ball 3-0: Base on Balls
|
Batting: LHB Dave Martinez
|
0-0: Foul Ball, location: 2F 0-1: Ball Ramon Sambo is caught stealing 2nd base 2-6 1-1: Foul Ball, location: 2F 1-2: Foul Ball, location: 2F 1-2: Ball 2-2: SINGLE (Line Drive, 89S, EV 103.8 MPH)
|
Pitching: LHP Mike Evans
|
|
Batting: LHB Ricky Lemon
|
0-0: Ball 1-0: Foul Ball, location: 2F 1-1: Foul Ball, location: 2F 1-2: 2-RUN HOME RUN (Flyball, 89XD, EV 91.9 MPH), Distance : 407 ft
|
Batting: RHB Matt Stark
|
0-0: Ball 1-0: Called Strike 1-1: Ball 2-1: Swinging Strike 2-2: Ball 3-2: SOLO HOME RUN (Flyball, 7D, EV 95.0 MPH), Distance : 355 ft
|
Batting: RHB Jose Estrada
|
0-0: Ball 1-0: Called Strike 1-1: Swinging Strike 1-2: Strikes out swinging
|
Batting: LHB Kevin Johnston
|
0-0: Fly out, F7 (Flyball, 78S, EV 96.3 MPH)
|
Top of the 8th over - 3 runs, 3 hits, 0 errors, 0 left on base; Sarasota 5 - Fort Myers 0 |
BOTTOM OF THE 8TH |
Fort Myers Miracles batting - Pitching for Sarasota Eagles : RHP Mark Bauer
|
Pitching: RHP Dave Lenderman
|
|
Batting: RHB Galtero Gioacchini
|
0-0: Called Strike 0-1: Called Strike 0-2: Fly out, F8 (Flyball, 89D, EV 110.6 MPH)
|
Batting: RHB Michael Saccocio
|
0-0: Called Strike 0-1: Ball 1-1: Swinging Strike 1-2: Strikes out swinging
|
Batting: LHB Rodney Hodde
|
0-0: Ball 1-0: Ground out U3 (Groundball, 34S, EV 89.4 MPH)
|
Bottom of the 8th over - 0 runs, 0 hits, 0 errors, 0 left on base; Sarasota 5 - Fort Myers 0 |
TOP OF THE 9TH |
Sarasota Eagles batting - Pitching for Fort Myers Miracles : LHP Mike Evans
|
Batting: SHB Todd Mabe
|
0-0: Called Strike 0-1: Ball 1-1: Swinging Strike 1-2: Strikes out looking
|
Batting: RHB Darrin Jackson
|
0-0: Swinging Strike 0-1: Foul Ball, location: 2F 0-2: Strikes out looking
|
Batting: RHB Thomas Brassil
|
0-0: Fly out, F8 (Line Drive, 8LD, EV 86.9 MPH)
|
Top of the 9th over - 0 runs, 0 hits, 0 errors, 0 left on base; Sarasota 5 - Fort Myers 0 |
BOTTOM OF THE 9TH |
Fort Myers Miracles batting - Pitching for Sarasota Eagles : RHP Dave Lenderman
|
Batting: LHB Stacey Pettis
|
0-0: Ball 1-0: Ball 2-0: SINGLE (Groundball, 56D, EV 98.1 MPH)
|
Batting: RHB Rico Escobar
|
0-0: Called Strike 0-1: Reached on error, E6 (Groundball, 6, EV 79.4 MPH) Stacey Pettis to second
|
Batting: SHB Ronnie Chapman
|
0-0: Ball 1-0: Ball 2-0: Fly out, F8 (Flyball, 78D, EV 96.9 MPH)
|
Batting: RHB T.J. Stout
|
0-0: Swinging Strike 0-1: Called Strike 0-2: Foul Ball, location: 2F 0-2: Ball Wild Pitch! Stacey Pettis to third Rico Escobar to second 1-2: Ball 2-2: Foul Ball, location: 2F 2-2: Foul Ball, location: 2F 2-2: Foul Ball, location: 2F 2-2: Foul Ball, location: 2F 2-2: Foul Ball, location: 2F 2-2: Ball 3-2: Ground out 1-3 (Groundball, P, EV 75.0 MPH)
|
Batting: RHB Bobby Hinson
|
0-0: Foul Ball, location: 2F 0-1: Called Strike 0-2: Ground out 6-3 (Groundball, 6, EV 81.9 MPH)
|
Bottom of the 9th over - 0 runs, 1 hit, 1 error, 2 left on base; Sarasota 5 - Fort Myers 0 |
|